 Dungeon Crawl Stone Soup version 0.21-a0-140-g479285b (webtiles) character file.

99 Leszczynek the Shooter (level 4, 23/25 HPs)
             Began as a Deep Elf Hunter on July 21, 2017.
             Quit the game on level 4 of the Dungeon.
             The game lasted 00:07:08 (1251 turns).

Leszczynek the Shooter (Deep Elf Hunter)            Turns: 1251, Time: 00:07:09

Health: 23/25      AC:  5    Str:  9    XL:     4   Next: 45%
Magic:  6/6        EV: 11    Int: 17    God:
Gold:   107        SH:  0    Dex: 15    Spells: 3/3 levels left

rFire    . . .     SeeInvis .   a - +1 shortbow
rCold    . . .     Gourm    .   (shield currently unavailable)
rNeg     . . .     Faith    .   w - +0 ring mail
rPois    .         Spirit   .   (no helmet)
rElec    .         Reflect  .   (no cloak)
rCorr    .         Harm     .   (no gloves)
MR       .....                  (no boots)
Stlth    +.........             (no amulet)
HPRegen  0.08/turn              (no ring)
MPRegen  0.10/turn              (no ring)

@: no status effects
A: no striking features
a: no special abilities


You were on level 4 of the Dungeon.
You were not hungry.

You visited 1 branch of the dungeon, and saw 4 of its levels.

You collected 107 gold pieces.

Inventory:

Hand Weapons
 a - a +1 shortbow (weapon)
 b - a +0 short sword
 v - a +1 hand axe of pain
Missiles
 f - 36 arrows (quivered)
Armour
 c - a +0 leather armour
 e - a cursed +0 shield
 s - a +0 shield
 w - a +0 ring mail (worn)
Scrolls
 i - 3 scrolls of identify {unknown}
 k - a scroll of magic mapping {unknown}
 m - a scroll of teleportation {unknown}
 n - 2 scrolls of remove curse {unknown}
 o - a scroll of fog {unknown}
 p - a scroll of recharging {unknown}
 q - a scroll of immolation {unknown}
Potions
 j - a potion of ambrosia {unknown}
 l - a potion of brilliance {unknown}
 t - a potion of haste {unknown}
 u - a potion of lignification {unknown}
Comestibles
 d - 3 bread rations
 g - 3 chunks of flesh
 h - 2 meat rations
 r - 4 fruits
 x - a royal jelly


   Skills:
 - Level 1.5 Fighting
 - Level 4.7 Bows
 - Level 2.4 Dodging
 - Level 1.2 Stealth
 + Level 3.1 Unarmed Combat


You had 3 spell levels left.
You didn't know any spells.

Dungeon Overview and Level Annotations

Branches:
Dungeon (4/15)
 Temple: D:4-7

Altars:
Ashenzari

Annotations:
D:3 exclusion: 2 orc priests, p0werm0de's ghost, weakling DsAr


Message History

Unknown command.
There is a stone staircase leading down here.
You climb downwards.
You hear the sound of rushing water.
There is an entrance to a sewer on this level.
Hurry and find it before the portal rusts away!
Level annotation: exclusion: 2 orc priests, p0werm0de's ghost, weakling DsAr
There is a stone staircase leading up here.
Unknown command.
You see here a kobold skeleton.
You hear the rapid rusting of a distant drain.
There is a stone staircase leading down here.
You climb downwards.
Found 9 gold pieces.
Found a stone staircase leading down.
There is a stone staircase leading up here.
You open the door.
Found a shattered altar of Ashenzari.
Save game and exit?
Welcome back, Leszczynek the Deep Elf Hunter.
Press ? for a list of commands and other information.
Are you sure you want to abandon this character and quit the game? (Confirm with "yes".)

...#
#..$
...#
...#
...#
##..#
#<..#
##.>.#
#.@###
#..'_#
#..###
....
#....
.....#
.....##
......#


There were no monsters in sight!

Vanquished Creatures
  4 adders (D:3)
  An ooze (D:3)
  3 worms
  2 dart slugs (D:1)
  A leopard gecko (D:1)
  5 orcs (D:3)
  A ball python (D:1)
  3 giant cockroaches
  A goblin (D:2)
  2 hobgoblins
  3 jackals (D:2)
  6 kobolds
  3 bats
  2 frilled lizards (D:1)
  5 rats
42 creatures vanquished.

Notes
Turn   | Place    | Note
-------+----------+-------------------------------------------
     0 | D:1      | Leszczynek the Deep Elf Hunter began the quest for the Orb.
     0 | D:1      | Reached XP level 1. HP: 12/12 MP: 3/3
   155 | D:1      | Reached XP level 2. HP: 10/16 MP: 4/4
   214 | D:1      | Reached skill level 1 in Unarmed Combat
   503 | D:2      | Reached XP level 3. HP: 11/20 MP: 5/5
   659 | D:3      | Reached skill level 2 in Unarmed Combat
   767 | D:3      | Noticed p0werm0de's ghost (weakling DsAr)
  1100 | D:3      | Reached XP level 4. HP: 20/25 MP: 6/6
  1144 | D:3      | Reached skill level 3 in Unarmed Combat
  1250 | D:4      | Found a shattered altar of Ashenzari.
  1251 | D:4      | Quit the game

Vault maps used:
D:1:      ncdulo_smallfort, minmay_misc_feat_encased, solitary_fountain
D:2:      first_bread, uniq_crazy_yiuf_cottage
D:3:      kennysheep_six_static_rooms, lightli_sewer_entry_pipes, trog_book
D:4:      kennysheep_mini, temple_doors_e, serial_shops,
          nicolae_shop_temple_entry_statues_fountains

Skill      XL: |  1  2  3  4 |
---------------+-------------+-----
Unarmed Combat | 1 2 3 |  3.1
Fighting       | |  1.5
Bows           | |  4.7
Dodging        | |  2.4
Stealth        | |  1.2

Action                   |  1- 3 |  4- 6 || total
-------------------------+-------+-------++-------
Melee: Short sword       |    39 |       ||    39
 Fire: Shortbow          |   103 |    18 ||   121
  Eat: Chunk             |       |     1 ||     1
Armor: Leather armour    |    18 |       ||    18
       Ring mail         |       |     3 ||     3
Dodge: Dodged            |    37 |     7 ||    44
